 Dungeon Crawl Stone Soup version 0.28-a0-239-g68911e0c57 (webtiles) character file.

Game seed: 2545019024996939462

0 Gargoyl the Skirmisher (level 1, -3/23 HPs)
             Began as a Gnoll Abyssal Knight on Aug 23, 2021.
             Was a Follower of Lugonu.
             Slain by an ancient zyme (10 damage)
             ... on level 3 of the Abyss.
             The game lasted 00:00:47 (237 turns).

Gargoyl the Skirmisher (Gnoll Abyssal Knight)        Turns: 237, Time: 00:00:48

Health: -3/23      AC:  7    Str: 10 (11) XL:     1   Next: 0%
Magic:  3/3        EV:  8    Int:  8 (11) God:    Lugonu [*.....]
Gold:   80         SH:  0    Dex:  8 (11) Spells: 0/0 levels left

rFire   . . .      SeeInvis .   a - +1 hand axe
rCold   . . .      Faith    .   (no shield)
rNeg    . . .      Spirit   .   c - +0 scale mail
rPois   .          Reflect  .   (no helmet)
rElec   .          Harm     .   (no cloak)
rCorr   .          Rampage  .   (no gloves)
Will    .....                   (no boots)
Stlth   ..........              (no amulet)
HPRegen 0.00/turn               (no ring)
MPRegen 0.08/turn               (no ring)

@: diseased
A: fangs 1, strong nose, distributed training
a: Renounce Religion, Depart the Abyss


You were on level 3 of the Abyss.
You worshipped Lugonu.
Lugonu was aware of your devotion.
You visited 0 branches of the dungeon, and saw 0 of its levels.
You visited the Abyss 1 time.

You collected 80 gold pieces.

Inventory:

Hand Weapons
 a - a +1 hand axe (weapon)
Armour
 b - a +0 leather armour
 c - a +0 scale mail (worn)


   Skills:
 + Level 6.4 Fighting
 + Level 0.0 Short Blades
 + Level 0.0 Long Blades
 + Level 4.4 Axes
 + Level 0.0 Maces & Flails
 + Level 0.0 Polearms
 + Level 0.0 Staves
 + Level 0.0 Slings
 + Level 0.0 Bows
 + Level 0.0 Crossbows
 + Level 0.0 Throwing
 + Level 4.4 Armour
 + Level 2.3 Dodging
 + Level 0.0 Stealth
 + Level 0.0 Shields
 + Level 0.0 Unarmed Combat
 + Level 0.0 Spellcasting
 + Level 0.0 Conjurations
 + Level 0.0 Hexes
 + Level 0.0 Summonings
 + Level 0.0 Necromancy
 + Level 0.0 Translocations
 + Level 0.0 Transmutations
 + Level 0.0 Fire Magic
 + Level 0.0 Ice Magic
 + Level 0.0 Air Magic
 + Level 0.0 Earth Magic
 + Level 0.0 Poison Magic
 + Level 4.4 Invocations
 + Level 0.0 Evocations


You couldn't memorise any spells.
You didn't know any spells.
Your spell library was empty.

Dungeon Overview and Level Annotations

Branches:
Dungeon (0/15)

Altars:


Innate Abilities, Weirdness & Mutations

You have very sharp teeth.
Your uncanny sense of smell can sniff out nearby items.
Your experience applies equally to all skills.


Message History

Found 19 sling bullets.
You now have 80 gold pieces (gained 41).
Found a scale mail, 25 stones and 28 gold pieces.
Found 48 gold pieces.
A lurking horror comes into view.
You see here a +0 scale mail.
c - a +0 scale mail You hit the lurking horror.
Your body is wracked with pain!
You start removing your armour.
You continue taking off your +0 leather armour. x4
You finish taking off your +0 leather armour.
You start putting on your armour.
You continue putting on your +0 scale mail. x3
You start to feel less resistant.
You continue putting on your +0 scale mail. x2
You finish putting on your +0 scale mail.
Your resistance to elements expires.
A ynoxinul comes into view.
There is a corrupted altar of Lugonu here.
Found a tapered glass wand.
A hellwing comes into view.
The hellwing gives a chilling moan.
You hear a chilling moan.
A hellwing comes into view.
A kobold demonologist comes into view. It is wielding a +0 dagger.
A hellwing comes into view.
An ancient zyme comes into view.
You feel yourself growing ill in the presence of the ancient zyme.
You feel yourself growing ill in the presence of the ancient zyme.
You feel ill.
Found a great sword.
You see here a +0 great sword.
The ancient zyme hits you but does no damage.
The ancient zyme hits you!
Found 19 arrows.
You feel ill.
A raiju comes into view.
Found a gateway leading deeper into the Abyss.
The raiju barks!
The ancient zyme hits you!
You die...

# .# ## ## ..##
#.#. #.#.#
#.(##.....
##@.h.....
#.x...#..#
#####4#>##
#)###.##..
#.#...#..#.#
###.##.#....## .
#..#.#.##.#..##.
##.....##..#....
#.#.....# ..# #


You could see an ancient zyme, a hellwing and a raiju.

Vanquished Creatures
  A lurking horror (Abyss:3)
1 creature vanquished.

Notes
Turn   | Place    | Note
-------+----------+-------------------------------------------
     0 | Abyss:1  | Gargoyl the Gnoll Abyssal Knight began the quest for the
                  | Orb.
     0 | Abyss:1  | Reached XP level 1. HP: 23/23 MP: 3/3
    47 | Abyss:1  | Found a transporter.
    47 | Abyss:1  | Noticed a wretched star
    47 | Abyss:1  | Noticed a cyclops
    48 | Abyss:1  | Noticed a tentacled starspawn
    48 | Abyss:1  | Noticed a crimson imp
    48 | Abyss:1  | Noticed a tentacled starspawn
    48 | Abyss:1  | Noticed a small abomination
    49 | Abyss:1  | Found a corrupted altar of Lugonu.
    49 | Abyss:1  | Found a transporter.
    49 | Abyss:1  | Noticed a chaos spawn
    49 | Abyss:1  | Noticed a small abomination
    49 | Abyss:1  | Noticed an apocalypse crab
    49 | Abyss:1  | Noticed a starcursed mass
    50 | Abyss:1  | Noticed an ancient zyme
    52 | Abyss:1  | Noticed a tentacled monstrosity
    53 | Abyss:1  | Noticed a dream sheep
    53 | Abyss:1  | Noticed an iron imp
    54 | Abyss:1  | Noticed a lindwurm
    54 | Abyss:1  | a dream sheep changed into a lindwurm
    57 | Abyss:1  | Noticed an eye of devastation
    57 | Abyss:1  | a lindwurm changed into an eye of devastation
   138 | Abyss:3  | Found a corrupted altar of Lugonu.
   201 | Abyss:3  | Noticed a ynoxinul
   213 | Abyss:3  | Noticed a hellwing
   213 | Abyss:3  | Noticed a hellwing
   214 | Abyss:3  | Noticed a kobold demonologist
   214 | Abyss:3  | Noticed a hellwing
   216 | Abyss:3  | Noticed an ancient zyme
   235 | Abyss:3  | Noticed a raiju
   237 | Abyss:3  | Slain by an ancient zyme

Illustrated notes

Levels and vault maps discovered:
Abyss:3:  base: Temple, nicolae_abyss_rune_star_stuff

Action                   || total
-------------------------++-------
Melee: Hand axe          ||     1
  Use: Potion            ||     3
       Scroll            ||     1
Armor: Scale mail        ||     1

Table legend: (Time is in decaauts)
 A = Elapsed time spent in this place.
 B = Non-inter-level travel time spent in this place.
 C = Inter-level travel time spent in this place.
 D = Time resting spent in this place.
 E = Time spent auto-exploring this place.
 F = Levels seen in this place.
 G = Mean time per level.
                   A        B        C        D        E       F      G
               +--------+--------+--------+--------+--------+-----+--------+
         Total |    236 |    236 |      0 |      0 |    123 |   3 |   78.7 |
         Abyss |    236 |    236 |      0 |      0 |    123 |   3 |   78.7 |
               +--------+--------+--------+--------+--------+-----+--------+

Top non-repeatable levels by time:
 Abyss:3: 101 daAuts
 Abyss:1: 97 daAuts
 Abyss:2: 37 daAuts
